 Dungeon Crawl Stone Soup version 0.31-a0-232-gb1c03b2570 (webtiles) character file.

Game seed: 10408904339960616701

28 qw the Shooter (level 3, 0/29 HPs)
             Began as a Minotaur Hexslinger on July 7, 2023.
             Slain by a gnoll
             ... wielding a +0 halberd
              (3 damage)
             ... on level 2 of the Dungeon.
             The game lasted 00:00:16 (543 turns).

qw the Shooter (Minotaur Hexslinger)                 Turns: 543, Time: 00:00:17

Health: 0/29       AC:  4    Str: 12    XL:     3   Next: 0%
Magic:  3/3        EV: 12    Int: 10    God:
Gold:   73         SH:  0    Dex: 14    Spells: 3/4 levels left

rFire   . . .        Y - +1 sling
rCold   . . .        (no shield)
rNeg    . . .        c - +0 robe
rPois   .            (helmet restricted)
rElec   .            g - +0 cloak
rCorr   .            e - +0 pair of gloves
SInv    .            (no boots)
Will    .....        (no amulet)
Stlth   +            (no ring)
HPRegen 0.24/turn    (no ring)
MPRegen 0.08/turn

%: no passive effects
@: lethally poisoned (0 -> -1)
A: horns 2, retaliatory headbutt
a: no special abilities


You were on level 2 of the Dungeon.
You visited 1 branch of the dungeon, and saw 2 of its levels.

You collected 73 gold pieces.


Innate Abilities, Weirdness & Mutations

You have a pair of horns on your head.
You reflexively headbutt those who attack you in melee.


   Skills:
 - Level 2.0 Fighting
 + Level 3.5 Ranged Weapons
 - Level 2.1 Dodging
 - Level 1.0 Spellcasting
 - Level 2.0 Hexes


You had 3 spell levels left.
You knew the following spells:

 Your Spells              Type           Power      Damage    Failure   Level
a - Slow                  Hex            16%        N/A       16%         1

Your spell library contained the following spells:

 Spells                   Type           Power      Damage    Failure   Level
 Inner Flame              Hex/Fire       2%         N/A       56%         3
 Portal Projectile        Hex/Tloc       4%         N/A       56%         3
 Cause Fear               Hex            2%         N/A       83%         4

Inventory:

Hand Weapons
 Y - a +1 sling (weapon)
Armour
 c - a +0 robe (worn)
 e - a +0 pair of gloves (worn)
 g - a +0 cloak (worn)
Potions
 d - a potion of curing
 f - a potion of invisibility {unknown}

Dungeon Overview and Level Annotations

Branches:
Dungeon (2/15)

Altars:

Shops:
D:1 [


Message History

The gnoll is heavily wounded.
The gnoll closely misses you.
You shoot a sling bullet. The sling bullet hits the gnoll.
The gnoll is severely wounded.
The gnoll barely misses you.
You shoot a sling bullet. The sling bullet hits the gnoll.
You kill the gnoll!
You have reached level 3!
Your experience leads to an increase in your attributes!
Increase (S)trength, (I)ntelligence, or (D)exterity?
You feel agile. x2
You shoot a sling bullet.
The sling bullet closely misses the adder.
The sling bullet barely misses the gnoll.
The adder bites you.
A gnoll comes into view. It is wielding a +0 spear.
You shoot a sling bullet.
The sling bullet closely misses the adder.
The sling bullet barely misses the gnoll.
The adder closely misses you.
The gnoll hits you from afar with a +0 spear.
The gnoll barely misses you. The adder bites you.
You are poisoned.
The adder poisons you!
You shoot a sling bullet. The sling bullet misses the adder.
The sling bullet hits the gnoll.
The gnoll is severely wounded.
You feel sick. The adder bites you. The gnoll barely misses you. x2
The adder bites you. The gnoll closely misses you.
The gnoll hits you from afar with a +0 spear.
You shoot a sling bullet.
The sling bullet hits the adder but does no damage.
You feel sick. The adder bites you but does no damage.
The gnoll closely misses you.
The gnoll hits you from afar with a +0 spear.
You shoot a sling bullet. The sling bullet hits the adder.
The adder is heavily wounded.
You feel sick. The adder barely misses you. The gnoll misses you.
The gnoll hits you from afar with a +0 halberd.
You die...

...........
#........# #.....##.#
###....#..###........
.......#.... .......
#....#%.# #.....
#....#..####....
#..<.......#ggg
#..........##S#
###.##..#####@#
#.##.....##)#
..##.######.#
#####.##.....#
#.......## ####.##.#
#.##.# #....# ######


You could see 3 gnolls and an adder.

Vanquished Creatures
  A gnoll (D:2)
  3 ball pythons
  A bat (D:1)
  An endoplasm (D:1)
  A goblin (D:1)
  2 jackals (D:1)
  3 frilled lizards
  3 kobolds (D:1)
  5 rats (D:1)
20 creatures vanquished.

Notes
Turn   | Place    | Note
-------+----------+-------------------------------------------
     0 | D:1      | qw the Minotaur Hexslinger began the quest for the Orb.
     0 | D:1      | Reached XP level 1. HP: 16/16 MP: 1/1
     0 | D:1      | 0 ||| qw: Version: 0.3-a-46-gb1f654a
     0 | D:1      | 0 ||| qw: Game counter: 2473
     0 | D:1      | 0 ||| qw: Melee chars always use a shield: true
     0 | D:1      | 0 ||| qw: God list: Okawaru
     0 | D:1      | 0 ||| qw: Allow faded altars: false
     0 | D:1      | 0 ||| qw: Do Orc after clearing Dungeon:15 true
     0 | D:1      | 0 ||| qw: Do second Lair branch before Depths: true
     0 | D:1      | 0 ||| qw: Lair rune preference: random
     0 | D:1      | 0 ||| qw: Goals: Normal
     0 | D:1      | 0 ||| PLANNING D:1-11
    91 | D:1      | Reached skill level 3 in Ranged Weapons
   133 | D:1      | 133 ||| FLEEEEING.
   134 | D:1      | 134 ||| FLEEEEING.
   135 | D:1      | 135 ||| FLEEEEING.
   136 | D:1      | 136 ||| FLEEEEING.
   139 | D:1      | Reached XP level 2. HP: 22/23 MP: 2/2
   239 | D:1      | Found Kofuosej's Antique Armour Shop.
   255 | D:1      | 255 ||| SHOPLISTING +0 pair of fencer's gloves {Riposte
                  | Dex+3} (1080 gold, have 70).
   255 | D:1      | 255 ||| SHOPLISTING ring mail (108 gold, have 70).
   255 | D:1      | 255 ||| SHOPLISTING shiny ring mail (189 gold, have 70).
   361 | D:1      | 361 ||| FLEEEEING.
   362 | D:1      | 362 ||| FLEEEEING.
   484 | D:1      | 484 ||| UPGRADING to +0 pair of gloves.
   489 | D:1      | 489 ||| UPGRADING to +0 cloak.
   494 | D:1      | 494 ||| READING scroll labelled VUMPE UQ FAIPN.
   495 | D:1      | 495 ||| DRINKING 2 bubbling black potions.
   496 | D:1      | 496 ||| DROPPING scroll of poison.
   539 | D:2      | Reached XP level 3. HP: 29/29 MP: 3/3
   542 | D:2      | HP: 4/29 [gnoll/+0 spear (4)]
   543 | D:2      | Slain by a gnoll

Levels and vault maps discovered:
D:1:      dpeg_arrival_round_c, layout_rooms, serial_shops,
          nicolae_shop_tiny_statue_garden, roderic_nine_men_s_morris
D:2:      layout_basic, basic_altar, chequers_serial_rivers_large_a,
          nicolae_houndstooth_variations

Skill      XL: |  1  2 |
---------------+-------+-----
Ranged Weapons | 3 |  3.5
Fighting       | 2 |  2.0
Dodging        | |  2.1
Spellcasting   | |  1.0
Hexes          | |  2.0

Action                     || total
---------------------------++-------
   Fire: Sling             ||    55
    Use: Scroll            ||     1
         Potion            ||     1
 Armour: Robe              ||     7
  Dodge: Dodged            ||    22

Table legend:
 A = Non-vault XP
 B = Vault XP
 C = Vault XP percentage of total XP
 D = Non-vault monster count
 E = Vault monster count
 F = Vault count percentage of total count
                 A         B        C        D         E       F
            +---------+---------+-------+---------+---------+-------
      Total |      41 |       0 |   0.0 |      20 |       0 |   0.0
            +---------+---------+-------+---------+---------+-------
        D:1 |      24 |       0 |   0.0 |      17 |       0 |   0.0
        D:2 |      17 |       0 |   0.0 |       3 |       0 |   0.0
            +---------+---------+-------+---------+---------+-------
